 Dungeon Crawl Stone Soup version 0.30-a0-778-g2ef04afb54 (webtiles) character file.

Game seed: 1388339588177462459

53687 octoduck the Brawler (level 14, -10/133 HPs)
             Began as a White Draconian Transmuter on Feb 16, 2023.
             Was the Champion of Okawaru.
             Mangled by a spriggan rider
             ... wielding a +0 spear
              (19 damage)
             ... on level 1 of the Swamp.
             The game lasted 01:13:30 (23722 turns).

octoduck the Brawler (White Draconian Transmuter)  Turns: 23722, Time: 01:13:31

Health: -10/133    AC: 12    Str: 15    XL:     14   Next: 31%
Magic:  11/17      EV: 20    Int: 15    God:    Okawaru [******]
Gold:   1058       SH:  0    Dex: 19    Spells: 0/17 levels left

rFire   x . .      SeeInvis .      - Unarmed
rCold   + + +      Faith    .    (shield currently unavailable)
rNeg    . . .      Spirit   .    (body armour unavailable)
rPois   +          Reflect  .    (helmet currently unavailable)
rElec   .          Harm     .    (cloak currently unavailable)
rCorr   .          Rampage  .    (gloves currently unavailable)
Will    +....                    (boots currently unavailable)
Stlth   +++                      i - amulet of regeneration
HPRegen 1.22/turn                m - +6 ring of dexterity
MPRegen 0.15/turn                P - +4 ring of protection

@: short of breath, ice-form, heroic
A: freezing attack, amphibious, boosted hp, (breathe frost), AC +8, large,
unfitting armour, (cold resistance 1), (cold-blooded), low MP 1
a: End Transformation, Renounce Religion, Heroism, Finesse, Duel


You were on level 1 of the Swamp.
You worshipped Okawaru.
Okawaru was exalted by your worship.
You were a creature of crystalline ice.
You visited 4 branches of the dungeon, and saw 18 of its levels.
You also visited: Ossuary.

You collected 1188 gold pieces.
You spent 130 gold pieces at shops.

Inventory:

Hand Weapons
 w - the +12 pair of quick blades "Gyre" and "Gimble" {protect}
   (Okawaru gifted it to you on level 5 of the Lair of Beasts)
Missiles
 v - 25 poisoned darts (quivered)
 D - 5 javelins
 N - 5 atropa-tipped darts
 S - a curare-tipped dart
Armour
 p - a +2 cloak of stealth (melded)
 I - a +0 pair of boots (melded)
 Q - a +1 pair of gloves (melded)
 T - a +0 hat (melded)
Jewellery
 i - an amulet of regeneration (around neck)
 m - a +6 ring of dexterity (left front paw)
 t - an amulet of the acrobat
 u - a ring of see invisible
 F - a ring of fire
 K - a ring of flight
 P - a +4 ring of protection (right front paw)
 U - a +6 ring of intelligence
Wands
 d - a wand of charming (35)
 B - a wand of flame (36)
 C - a wand of polymorph (15)
 R - a wand of roots (10)
Scrolls
 g - 4 scrolls of enchant weapon
 j - 4 scrolls of poison
 r - 2 scrolls of fear
 s - 4 scrolls of amnesia
 x - a scroll of identify
 y - a scroll of magic mapping
 E - 4 scrolls of fog
 J - a scroll of vulnerability
 L - a scroll of immolation
 M - 2 scrolls of enchant armour
 O - 2 scrolls of teleportation
Potions
 a - a potion of lignification
 b - a potion of might
 c - 2 potions of attraction
 e - 3 potions of haste
 f - 8 potions of flight
 h - 3 potions of resistance {unknown}
 k - 2 potions of degeneration {unknown}
 l - 2 potions of berserk rage
 n - 7 potions of curing
 o - 3 potions of heal wounds
 q - 2 potions of mutation
 z - 4 potions of cancellation
 A - a potion of ambrosia {unknown}
 G - a potion of brilliance {unknown}
Miscellaneous
 H - a condenser vane


   Skills:
 * Level 6.9(11.9) Fighting
 - Level 11.6(16.6) Dodging
 + Level 15.9(20.9) Unarmed Combat
 - Level 2.0 Spellcasting
 + Level 1.9 Hexes
 - Level 11.8 Transmutations
 - Level 6.2 Ice Magic
 - Level 7.5 Invocations


You couldn't memorise any spells.
You knew the following spells:

 Your Spells              Type           Power      Damage    Failure   Level
a - Beastly Appendage     Tmut           72%        N/A       1%          1
b - Wereblood             Tmut           36%        N/A       1%          2
c - Ice Form              Ice/Tmut       28%        N/A       5%          4
d - Blade Hands           Tmut           18%        N/A       4%          5
e - Yara's Violent Unrav  Hex/Tmut       11%        3d6       36%         5

Your spell library contained the following spells:

 Spells                   Type           Power      Damage    Failure   Level
 Spider Form              Tmut/Pois      19%        N/A       6%          3
 Slow                     Hex            28%        N/A       10%         1
 Kiss of Death            Conj/Necr      4%         2d5       22%         1
 Shock                    Conj/Air       4%         1d3       22%         1
 Confusing Touch          Hex            7%         N/A       30%         3
 Blink                    Tloc           2%         N/A       32%         2
 Lesser Beckoning         Tloc           2%         N/A       32%         2
 Momentum Strike          Conj/Tloc      2%         3d8       32%         2
 Scorch                   Fire           2%         2d5       32%         2
 Dazzling Flash           Conj/Hex       8%         N/A       41%         3
 Inner Flame              Hex/Fire       4%         N/A       41%         3
 Portal Projectile        Hex/Tloc       8%         N/A       41%         3
 Gell's Gravitas          Tloc           1%         N/A       54%         3
 Swiftness                Air            1%         N/A       54%         3
 Teleport Other           Tloc           1%         N/A       54%         3
 Vampiric Draining        Necr           1%         2d6       54%         3
 Cause Fear               Hex            3%         N/A       69%         4
 Anguish                  Hex/Necr       2%         N/A       83%         4
 Leda's Liquefaction      Hex/Erth       2%         N/A       83%         4
 Airstrike                Air            0%         2d(1-17)  91%         4
 Dispel Undead            Necr           1%         3d6       91%         4
 Flame Wave               Conj/Fire      1%         2d4       91%         4
 Passage of Golubria      Tloc           1%         N/A       91%         4
 Agony                    Necr           1%         N/A       99%         5
 Silence                  Hex/Air        2%         N/A       99%         5
 Dispersal                Tloc           0%         N/A       100%        6
 Discord                  Hex            3%         N/A       100%        8
 Tukima's Dance           Hex            Unusable   N/A       N/A         3
 Call Canine Familiar     Summ           Unusable   N/A       N/A         3
 Summon Mana Viper        Hex/Summ       Unusable   N/A       N/A         5
 Summon Cactus Giant      Summ           Unusable   N/A       N/A         6

Dungeon Overview and Level Annotations

Branches:
Dungeon (11/15)            Temple (1/1) D:6            Lair (5/5) D:9
  Swamp (1/4) Lair:3       Spider (0/4) Lair:3        Slime (0/5) Lair:5
    Orc (0/2) D:11        Ossuary (visited)

Altars:
Fedhas
Okawaru
Qazlal
Sif Muna
Trog
Uskayaw
Vehumet
Wu Jian
Zin
The Shining One

Shops:
D:6 *

Portals:
Abyss: Lair:3
Trove: D:10 (give +3 storm dragon scales)

Annotations:
D:10 exclusion: centaur, Sonja
D:11 Erolcha; Nergalle
Lair:3 2 transporters, Vade's ghost, journeyman DsGl


Innate Abilities, Weirdness & Mutations

You are a creature of crystalline ice.
You have a powerful freezing melee attack.
You are amphibious.
Your maximum health is increased.
Your armour is entirely melded.
You are incapable of wielding weapons or throwing items.
((You can breathe waves of freezing cold which knock back foes.))
((Your icy white scales are hard. (AC +8)))
You cannot fit into any form of body armour.
((Your flesh is cold resistant. (rC+)))
((You are cold-blooded and may be slowed by cold attacks.))
Your magical capacity is low. (-10% MP)


Message History

The freezing breath hits the eight-headed hydra!
The eight-headed hydra is lightly wounded.
The eight-headed hydra is knocked back by the freezing wind.
The spriggan rider hits you but does no damage.
The spriggan rider hits you from afar with a +0 spear.
Okay, then.
Casting: Blade Hands (dangerous; 4% risk of failure)
Confirm with . or Enter, or press ? or * to list all spells.
You turn into a creature of crystalline ice.
Your +2 cloak of stealth melds into your body.
Your +0 hat melds into your body.
Your +1 pair of gloves melds into your body.
Your +0 pair of boots melds into your body.
You feel less stealthy.
The spriggan rider hits you from afar with a +0 spear!!
The spriggan rider hits you from afar with a +0 spear!
You gain the combat prowess of a mighty hero.
The spriggan rider barely misses you.
The spriggan rider hits you from afar with a +0 spear!
You fail to use your ability.
The spriggan rider completely misses you.
The spriggan rider hits you from afar with a +0 spear!
The spriggan rider closely misses you.
You hit the eight-headed hydra but do no damage.
The eight-headed hydra is lightly wounded.
The spriggan rider hits you with a +0 spear!
* * * LOW HITPOINT WARNING * * *
The eight-headed hydra bites you!
* * * LOW HITPOINT WARNING * * *
The eight-headed hydra misses you.
The eight-headed hydra bites you but does no damage.
The eight-headed hydra bites you!
* * * LOW HITPOINT WARNING * * *
The eight-headed hydra barely misses you.
The eight-headed hydra bites you.
* * * LOW HITPOINT WARNING * * *
The eight-headed hydra misses you.
The eight-headed hydra bites you but does no damage.
The spriggan rider hits you with a +0 spear!!
You die...

♣.≈.♣♣~§~♣~.~.♣♣
♣♣♣
♣♣.♣♣♣♣..~~~~÷~♣
♣~♣♣ ♣~~~§~♣~.♣
♣.♣ ♣♣..~.~~~[♣
♣.♣ ♣.~~.~~~..♣
♣.♣ ♣♣.♣~§.~♣..♣
♣.♣ ♣..~.~~..♣♣
♣.♣ ♣..>~..~.♣
♣.♣ ♣Yii~~.~~♣
♣.♣ ♣iD~~~~~.♣♣
♣.♣ ♣♣(i~.~..~~.
♣♣♣.♣
♣♣..~.~♣~~~~~
♣.♣.♣
♣.~§~.~.....~
♣..♣♣
♣♣.)..~..~.♣
♣§†~♣
♣~♣~.~♣~~>..
♣♣..♣♣
♣.~~~.♣.~.♣.
♣)~.♣♣...~.~i.~~♣


You could see an eight-headed hydra, 2 spriggan riders and 2 spriggans.

Vanquished Creatures
  An eleionoma (Lair:3)
  5 hydras
  2 boulder beetles (D:9)
  4 death yaks (Lair:5)
  2 alligators (Swamp:1)
  3 goliath frogs (Swamp:1)
  A pharaoh ant (Lair:3)
  2 skysharks (Lair:5)
  A lindwurm (D:9)
  A deep elf pyromancer (D:8)
  2 wolf spiders (Lair:5)
  A guardian serpent (Lair:5)
  8 black mambas
  20 cane toads
  Maggie (D:6)
  A rime drake (Lair:5)
  7 komodo dragons
  3 tyrant leeches
  3 trolls
  2 hornets (Lair:5)
  Grinder (D:5)
  7 dream sheep (Lair:5)
  21 blink frogs
  2 jumping spiders (Lair:3)
  A wraith (D:9)
  Sigmund (D:6)
  A shadow (D:9)
  52 yaks
  11 wyverns
  Grum (D:11)
  Eustachio (D:4)
  3 redbacks (D:9)
  3 basilisks
  A steam dragon (D:8)
  4 vampire mosquitoes (Swamp:1)
  2 swamp worms
  Duvessa (D:4)
  An acid dragon (D:11)
  25 water moccasins
  5 orc warriors
  2 sky beasts (D:7)
  A swamp drake (Swamp:1)
  3 ice beasts
  2 black bears
  3 ogres
  23 wolves
  6 centaurs
  2 phantoms
  4 kobold brigands
  An elf zombie (Ossuary)
  7 bullfrogs
  A gnoll sergeant (D:6)
  A necrophage (D:6)
  4 scorpions
  18 wights
  Dowan (D:4)
  10 killer bees
  A vampire bat (Lair:5)
  3 electric eels (D:6)
  4 howler monkeys
  2 lava snakes (D:9)
  A centaur zombie (Ossuary)
  5 hounds
  A gnoll bouda (D:7)
  2 human zombies (Ossuary)
  8 orc priests
  4 jellies
  8 orc wizards
  Natasha (thrice) (D:4)
  4 iguanas
  2 mummies (Ossuary)
  9 gnolls
  10 adders
  2 white imps
  2 worms (D:5)
  2 dart slugs
  25 orcs
  9 endoplasms
  6 giant cockroaches
  8 hobgoblins
  7 jackals
  2 quokkas (D:4)
  4 ball pythons
  8 bats
  4 frilled lizards
  2 goblins
  A goblin zombie (Ossuary)
  14 hobgoblin zombies (Ossuary)
  26 kobolds
  7 kobold zombies (Ossuary)
  10 orc zombies (Ossuary)
  8 rats
  A rat zombie (Ossuary)
518 creatures vanquished.

Vanquished Creatures (others)
  20 fungi
  47 plants
67 creatures vanquished.

Grand Total: 585 creatures vanquished

Notes
Turn   | Place    | Note
-------+----------+-------------------------------------------
     0 | D:1      | octoduck the Draconian Transmuter began the quest for the
                  | Orb.
     0 | D:1      | Reached XP level 1. HP: 16/16 MP: 3/3
   392 | D:1      | Reached XP level 2. HP: 19/23 MP: 3/5
   774 | D:1      | Learned a level 2 spell: Wereblood
  1192 | D:2      | Reached XP level 3. HP: 28/28 MP: 4/6
  1654 | D:2      | Reached skill level 4 in Unarmed Combat
  2203 | D:3      | Reached XP level 4. HP: 35/35 MP: 7/7
  2348 | D:3      | Got the Lessons on the Jinx
  2617 | D:4      | Noticed Eustachio
  2681 | D:4      | Noticed a phantom
  2751 | D:4      | Noticed a phantom
  2760 | D:4      | Killed Eustachio
  2761 | D:4      | Reached skill level 5 in Unarmed Combat
  2761 | D:4      | Reached XP level 5. HP: 23/40 MP: 5/8
  2776 | D:4      | Killed a phantom
  2777 | D:4      | Reached XP level 6. HP: 36/47 MP: 6/9
  2959 | D:3      | Reached skill level 6 in Unarmed Combat
  3292 | D:4      | Noticed Duvessa
  3638 | D:4      | Noticed Natasha
  3659 | D:5      | Entered Level 5 of the Dungeon
  3731 | D:5      | Your scales start taking on an icy white colour.
  3731 | D:5      | Reached XP level 7. HP: 48/52 MP: 8/10
  3731 | D:5      | Gained mutation: Your flesh is cold resistant. (rC+) [White
                  | Draconian growth]
  3742 | D:5      | Found a sand-covered staircase.
  3751 | Ossuary  | Entered an ossuary
  4092 | Ossuary  | Reached skill level 7 in Unarmed Combat
  4615 | D:5      | Noticed Grinder
  4628 | D:5      | Killed Grinder
  4629 | D:5      | Reached skill level 8 in Unarmed Combat
  4629 | D:5      | Reached XP level 8. HP: 59/59 MP: 11/11
  5253 | D:5      | Reached skill level 9 in Unarmed Combat
  5254 | D:6      | Noticed Maggie
  5501 | D:4      | Noticed Dowan
  5526 | D:4      | Killed Dowan
  5527 | D:4      | Reached skill level 5 in Transmutations
  5700 | D:4      | Killed Duvessa
  5990 | D:4      | Killed Natasha
  6229 | D:4      | Noticed Natasha
  6234 | D:4      | Killed Natasha
  6273 | D:4      | Noticed Natasha
  6282 | D:4      | Killed Natasha
  6503 | D:6      | Killed Maggie
  6504 | D:6      | Reached skill level 10 in Unarmed Combat
  6504 | D:6      | Reached XP level 9. HP: 36/64 MP: 8/12
  6631 | D:6      | Found a staircase to the Ecumenical Temple.
  6637 | Temple   | Entered the Ecumenical Temple
  6643 | Temple   | Became a worshipper of Warmaster Okawaru
  6682 | D:6      | Noticed Sigmund
  6752 | D:6      | Learned a level 4 spell: Ice Form
  6935 | D:6      | Reached skill level 1 in Ice Magic
  7014 | D:6      | Found Zulloppu's Assorted Antiques.
  7058 | D:6      | Found a hide-covered altar of Uskayaw.
  7061 | D:6      | Found a stormy altar of Qazlal.
  7293 | D:6      | Killed Sigmund
  7413 | D:6      | Bought a glowing granite ring for 130 gold pieces
  7465 | D:7      | Reached * piety under Okawaru
  7758 | D:7      | Reached skill level 5 in Ice Magic
  8481 | D:7      | Reached ** piety under Okawaru
  8482 | D:7      | Reached XP level 10. HP: 71/78 MP: 11/13
  9585 | D:8      | Noticed a deep elf pyromancer
  9897 | D:8      | Reached skill level 5 in Fighting
 10219 | D:8      | Killed a deep elf pyromancer
 10389 | D:8      | Reached *** piety under Okawaru
 10832 | D:8      | Learned a level 5 spell: Blade Hands
 11053 | D:9      | Found a staircase to the Lair.
 11206 | D:9      | Reached skill level 11 in Unarmed Combat
 11220 | D:9      | Reached **** piety under Okawaru
 11418 | D:9      | Found a runed translucent door.
 11493 | D:9      | Reached XP level 11. HP: 84/91 MP: 9/14
 11496 | D:9      | Reached skill level 1 in Invocations
 11534 | D:9      | You fall into a shaft and drop 2 floors!
 11537 | D:11     | Noticed a two-headed ogre
 11546 | D:11     | Noticed Nergalle
 11550 | D:11     | Noticed Erolcha
 11566 | D:10     | Entered Level 10 of the Dungeon
 11611 | D:10     | Found a portal to a secret trove of treasure.
 11630 | D:9      | Received a gift from Okawaru
 12115 | D:10     | Reached skill level 10 in Transmutations
 12196 | Lair:1   | Entered Level 1 of the Lair of Beasts
 12492 | Lair:1   | Reached ***** piety under Okawaru
 12531 | Lair:1   | Found a glowing silver altar of Zin.
 12646 | Lair:1   | Reached skill level 5 in Invocations
 13587 | Lair:1   | Received a gift from Okawaru
 14506 | Lair:2   | Reached XP level 12. HP: 73/97 MP: 13/17
 14524 | Lair:2   | Reached skill level 5 in Dodging
 14923 | Lair:2   | Reached skill level 12 in Unarmed Combat
 15004 | Lair:2   | Noticed a five-headed hydra
 15014 | Lair:2   | Killed a five-headed hydra
 15015 | Lair:2   | Noticed a seven-headed hydra
 15034 | Lair:2   | Killed a seven-headed hydra
 15678 | Lair:3   | Noticed a great orb of eyes
 15855 | Lair:3   | Noticed a six-headed hydra
 15870 | Lair:2   | Killed a six-headed hydra
 15946 | Lair:3   | Found a staircase to the Swamp.
 15981 | Lair:3   | Identified the +4 halberd of Resumed Hostilities {venom,
                  | rElec rPois} (Okawaru gifted it to you on level 3 of the
                  | Lair of Beasts)
 15981 | Lair:3   | Received a gift from Okawaru
 16173 | Lair:3   | Reached skill level 13 in Unarmed Combat
 16317 | Lair:3   | Found a hole to the Spider Nest.
 16350 | Lair:3   | Noticed Vade's ghost (journeyman DsGl)
 16411 | Lair:3   | Found a one-way gate to the infinite horrors of the Abyss.
 16494 | Lair:3   | Found a transporter.
 16496 | Lair:3   | Found a transporter.
 16499 | Lair:3   | Noticed a rakshasa
 17350 | Lair:4   | Reached XP level 13. HP: 97/104 MP: 14/18
 18394 | Lair:5   | Entered Level 5 of the Lair of Beasts
 18867 | Lair:5   | Reached skill level 14 in Unarmed Combat
 19028 | Lair:5   | Found a staircase to the Slime Pits.
 19033 | Lair:5   | Reached ****** piety under Okawaru
 19916 | Lair:5   | Reached skill level 10 in Dodging
 20044 | Lair:5   | Received a gift from Okawaru
 20044 | Lair:5   | Found the +12 pair of quick blades "Gyre" and "Gimble"
                  | {protect}
 20319 | Lair:5   | Reached skill level 15 in Unarmed Combat
 21367 | D:10     | Noticed Sonja
 21601 | D:10     | Reached XP level 14. HP: 111/111 MP: 16/19
 22312 | D:9      | Found a runed translucent gate.
 22312 | D:9      | Found a runed translucent gate.
 22312 | D:9      | Found a runed translucent gate.
 22312 | D:9      | Found a runed translucent gate.
 22312 | D:9      | Found a runed translucent gate.
 22312 | D:9      | Found a runed translucent gate.
 22332 | D:9      | Received a gift from Okawaru
 22805 | D:11     | Noticed Grum
 22812 | D:11     | Killed Grum
 22982 | Swamp:1  | Entered Level 1 of the Swamp
 23073 | Swamp:1  | Gained mutation: Your magical capacity is low. (-10% MP)
                  | [mutagenic glow]
 23170 | Swamp:1  | Learned a level 5 spell: Yara's Violent Unravelling
 23374 | Swamp:1  | Reached skill level 1 in Hexes
 23459 | Swamp:1  | HP: 4/111 [alligator (19)]
 23722 | Swamp:1  | Mangled by a spriggan rider

Illustrated notes

Levels and vault maps discovered:
D:1:      psy_arrival_radial01, layout_loops_ring
D:2:      minmay_alternating_diamond, layout_basic
D:3:      layout_basic
D:4:      layout_basic, uniq_eustachio, uniq_natasha, uniq_duvessa
D:5:      layout_basic, nicolae_ossuary_entry_ruins, serial_corexii_hall,
          chequers_hall_statues_wall_a, chequers_hall_statues_wall_a,
          uniq_grinder
D:6:      layout_rooms, nicolae_overflow_squiral,
          minmay_temple_entry_enclosed_plants, serial_shops, shop_statue,
          uniq_sigmund, uniq_maggie
D:7:      layout_layer_cave
D:8:      hangedman_cross_stitches, layout_basic, grunt_decor_arrowhead
D:9:      gammafunk_indiana_jones, layout_long_grid
D:10:     layout_loops_ring, nicolae_trove_entry_free_sample, uniq_sonja
D:11:     layout_rooms, david_orc_3, gammafunk_ghost_stat_death, uniq_nergalle,
          uniq_grum, uniq_erolcha
Temple:   nicolae_temple_bog_church
Lair:1:   layout_roguey, basic_altar, serial_bayou_shore_b,
          infiniplex_staircase_pool, serial_bayou_shore_b, grunt_megastairs_3,
          lemuel_fruit_tree
Lair:2:   layout_regular_city, serial_bayou_shore_b
Lair:3:   layout_cave_pods, minmay_swamp_entry_reptiles,
          nicolae_spider_entry_lesser_pyramids, gammafunk_ghost_abyssal_escape,
          serial_bayou_crossing
Lair:4:   layout_cellular_growth, serial_bayou_shore_b
Lair:5:   hangedman_lair_tendril_chambers, layout_cave_pods,
          nicolae_slime_entry_slimehenge, roderic_batcave, minivault_26,
          chequers_serial_rivers_room_a, chequers_serial_rivers_micro_a
Swamp:1:  layout_falls_marsh, evilmike_swamp_ruin_house_2,
          nicolae_swamp_little_swirl

Skill      XL: |  1  2  3  4  5  6  7  8  9 10 11 12 13 14 |
---------------+-------------------------------------------+-----
Dodging        | 2 3 4 8 11 | 11.6
Unarmed Combat | 4 5 6 8 10 11 13 15 | 15.9
Transmutations | 4 5 7 9 11 | 11.8
Ice Magic      | 6 |  6.2
Fighting       | 4 6 |  6.9
Invocations    | 7 |  7.5
Hexes          | 1 |  1.9
Spellcasting   | |  2.0

Action                     |  1- 3 |  4- 6 |  7- 9 | 10-12 | 13-15 || total
---------------------------+-------+-------+-------+-------+-------++-------
  Melee: Unarmed           |   148 |    87 |   358 |   552 |   422 ||  1567
         Headbutt          |    10 |    12 |    50 |    13 |       ||    85
         Tailslap          |    12 |     8 |    33 |    58 |    68 ||   179
         Kick              |    13 |    19 |    99 |    21 |       ||   152
         Punch             |     2 |     3 |    18 |    23 |    47 ||    93
  Throw: Dart              |       |       |     8 |    10 |       ||    18
   Cast: Beastly Appendage |    36 |    14 |    52 |    11 |       ||   113
         Wereblood         |       |     1 |     7 |     5 |       ||    13
         Ice Form          |       |       |       |    33 |     8 ||    41
         Blade Hands       |       |       |       |    34 |    56 ||    90
 Invoke: Heroism           |       |       |       |     1 |     4 ||     5
         Finesse           |       |       |       |     1 |       ||     1
Ability: Breathe Frost     |       |       |     5 |     2 |     3 ||    10
  Evoke: Wand              |       |       |       |     1 |       ||     1
    Use: Scroll            |     4 |     3 |     3 |    15 |     3 ||    28
         Potion            |       |     2 |     5 |       |     1 ||     8
   Stab: Sleeping          |     1 |       |       |     3 |     1 ||     5
         Distracted        |       |       |       |     1 |       ||     1
 Armour: Skin              |    55 |    27 |    77 |   103 |    84 ||   346
  Dodge: Dodged            |    73 |    30 |   171 |   270 |   286 ||   830

Table legend: (Time is in decaauts)
 A = Elapsed time spent in this place.
 B = Non-inter-level travel time spent in this place.
 C = Inter-level travel time spent in this place.
 D = Time resting spent in this place.
 E = Time spent auto-exploring this place.
 F = Levels seen in this place.
 G = Mean time per level.
                   A        B        C        D        E       F      G
               +--------+--------+--------+--------+--------+-----+--------+
         Total |  23483 |  20851 |   2632 |   5727 |   9526 |  19 | 1235.9 |
       Dungeon |  13391 |  11640 |   1751 |   3175 |   5208 |  11 | 1217.4 |
        Temple |     13 |      8 |      5 |      0 |      0 |   1 |   13.0 |
          Lair |   8824 |   8024 |    800 |   2373 |   3972 |   5 | 1764.8 |
         Swamp |    719 |    643 |     76 |    163 |    261 |   1 |  719.0 |
       Ossuary |    534 |    534 |      0 |     16 |     85 |   1 |  534.0 |
               +--------+--------+--------+--------+--------+-----+--------+

Top non-repeatable levels by time:
  Lair:5: 2780 daAuts
     D:7: 2029 daAuts
     D:9: 1866 daAuts
  Lair:1: 1698 daAuts
  Lair:3: 1634 daAuts
     D:4: 1549 daAuts
  Lair:2: 1440 daAuts
     D:5: 1355 daAuts
  Lair:4: 1270 daAuts
     D:6: 1254 daAuts
     D:8: 1248 daAuts
     D:1: 1124 daAuts
    D:10: 1054 daAuts
     D:2: 1047 daAuts
     D:3: 782 daAuts
